 Dungeon Crawl Stone Soup version 0.27-a0-1423-ge5d6b6ab6a (webtiles) character file.

Game seed: 4889240659114416826

42994 2tc the Brawler (level 13, 0/133 HPs)
             Began as a Troll Transmuter on July 2, 2021.
             Was a Believer of Wu Jian.
             Slain by a six-headed hydra (9 damage)
             ... on level 5 of the Lair of Beasts.
             The game lasted 01:06:05 (14899 turns).

2tc the Brawler (Troll Transmuter)                 Turns: 14899, Time: 01:06:05

Health: 0/133      AC:  8    Str: 21    XL:     13   Next: 88%
Magic:  3/16       EV: 11    Int: 13    God:    Wu Jian [**....]
Gold:   1020       SH:  0    Dex: 16    Spells: 6/18 levels left

rFire    x . .     SeeInvis .     - Unarmed
rCold    + + +     Faith    .   (shield currently unavailable)
rNeg     . . .     Spirit   .   (armour currently unavailable)
rPois    +         Reflect  .   (helmet currently unavailable)
rElec    .         Harm     .   (cloak currently unavailable)
rCorr    .         Rampage  .   (gloves unavailable)
Will     +....                  (boots unavailable)
Stlth    +.........             a - amulet of regeneration
HPRegen  2.32/turn              j - +6 ring of dexterity
MPRegen  0.15/turn              w - ring of Finality {rPois Will+}

@: ice-form, wereblooded
A: freezing attack, amphibious, boosted hp, large, unfitting armour, (claws 3),
regeneration 1, (shaggy fur 1), (tough skin 1)
a: End Transformation, Renounce Religion, Wall Jump


You were on level 5 of the Lair of Beasts.
You worshipped Wu Jian.
Wu Jian was pleased with you.
You were a creature of crystalline ice.
You visited 3 branches of the dungeon, and saw 19 of its levels.
You also visited: Ossuary.

You collected 1081 gold pieces.
You spent 52 gold pieces at shops.
You donated 9 gold pieces to Zin.

Inventory:

Missiles
 c - 477 stones
 f - 12 large rocks
 r - 2 curare-tipped darts
 D - 14 boomerangs
 H - a throwing net
 L - 4 javelins
 O - 3 boomerangs of dispersal
Armour
 b - a +2 robe of willpower
 g - a scarf of harm
 y - a +2 cloak (melded)
 C - the +2 robe of Itasoyrgh (melded) {Int+4 SInv Stlth+}
   (You found it on level 8 of the Dungeon)

   Int:       It affects your intelligence (+4).
   SInv:      It lets you see invisible.
   Stlth:     It makes you more stealthy.
Jewellery
 a - an amulet of regeneration (around neck)
 i - an amulet of the acrobat
 j - a +6 ring of dexterity (left front paw)
 k - an amulet of reflection
 l - a ring of resist corrosion
 p - the macabre finger necklace {rN+}
   (You found it in an ossuary)

   [amulet of nothing]

   It enables you to equip an extra ring.
   rN:        It protects you from negative energy.
 t - a ring of poison resistance
 w - the ring of Finality (right front paw) {rPois Will+}
   (You found it on level 6 of the Dungeon)

   [ring of willpower]

   rPois:     It protects you from poison.
   Will:      It increases your willpower.
 E - a +4 ring of protection
 N - a ring of willpower
 P - a ring of fire
 S - a +4 ring of protection
Wands
 x - a wand of iceblast (11)
 z - a wand of acid (8)
 G - a wand of paralysis (6)
Scrolls
 e - 3 scrolls of fear
 h - 2 scrolls of enchant armour
 o - a scroll of vulnerability
 s - 2 scrolls of magic mapping
 u - 3 scrolls of enchant weapon
 F - 2 scrolls of teleportation
 Q - a scroll of amnesia
 R - a scroll of identify
 U - a scroll of fog
Potions
 d - a potion of brilliance
 m - 3 potions of magic
 n - 5 potions of mutation
 q - 5 potions of flight
 v - a potion of cancellation
 A - a potion of heal wounds
 B - a potion of berserk rage
 I - 2 potions of lignification
 J - 5 potions of curing
 K - 3 potions of attraction
 M - a potion of might
 T - a potion of haste


   Skills:
 - Level 3.0 Fighting
 - Level 5.4 Throwing
 + Level 3.4 Armour
 - Level 4.0 Dodging
 - Level 15.0 Unarmed Combat
 - Level 3.0 Spellcasting
 - Level 12.0 Transmutations
 - Level 3.0 Ice Magic


You had 6 spell levels left.
You knew the following spells:

 Your Spells              Type           Power      Damage    Failure   Level
a - Beastly Appendage     Tmut           66%        N/A       1%          1
b - Wereblood             Tmut           33%        N/A       1%          2
c - Ice Form              Ice/Tmut       21%        N/A       11%         4
d - Blade Hands           Tmut           16%        N/A       4%          5

Your spell library contained the following spells:

 Spells                   Type           Power      Damage    Failure   Level
 Spider Form              Tmut/Pois      8%         N/A       6%          3
 Apportation              Tloc           2%         N/A       22%         1
 Foxfire                  Conj/Fire      4%         2x1d4     22%         1
 Magic Dart               Conj           4%         1d3       22%         1
 Pain                     Necr           4%         1d4       22%         1
 Shock                    Conj/Air       4%         1d3       22%         1
 Summon Small Mammal      Summ           4%         N/A       22%         1
 Call Imp                 Summ           1%         N/A       34%         2
 Poisonous Vapours        Pois/Air       2%         N/A       34%         2
 Slow                     Hex            1%         N/A       34%         2
 Static Discharge         Conj/Air       1%         N/A       34%         2
 Alistair's Intoxication  Tmut/Pois      11%        N/A       47%         5
 Yara's Violent Unravell  Hex/Tmut       8%         3d5       47%         5
 Call Canine Familiar     Summ           1%         N/A       56%         3
 Confusing Touch          Hex            1%         N/A       56%         3
 Conjure Flame            Conj/Fire      1%         6-21      56%         3
 Gell's Gravitas          Tloc           0%         N/A       56%         3
 Inner Flame              Hex/Fire       1%         N/A       56%         3
 Lesser Beckoning         Tloc           0%         N/A       56%         3
 Mephitic Cloud           Conj/Pois/Air  1%         N/A       56%         3
 Portal Projectile        Hex/Tloc       2%         N/A       56%         3
 Stone Arrow              Conj/Erth      2%         3d7       56%         3
 Swiftness                Air            1%         N/A       56%         3
 Teleport Other           Tloc           1%         N/A       56%         3
 Airstrike                Air            0%         N/A       92%         4
 Animate Armour           Summ/Erth      2%         N/A       92%         4
 Cause Fear               Hex            0%         N/A       92%         4
 Dispel Undead            Necr           1%         3d6       92%         4
 Fulminant Prism          Conj/Hex       0%         3d6       92%         4
 Leda's Liquefaction      Hex/Erth       0%         N/A       92%         4
 Sticky Flame             Conj/Fire      1%         2d3       92%         4
 Summon Lightning Spire   Summ/Air       1%         N/A       92%         4
 Agony                    Necr           1%         N/A       99%         5
 Excruciating Wounds      Necr           0%         N/A       99%         5
 Fireball                 Conj/Fire      0%         3d3       99%         5
 Freezing Cloud           Conj/Ice/Air   2%         6-21      99%         5
 Lightning Bolt           Conj/Air       0%         1d11      99%         5
 Summon Forest            Summ/Tloc      0%         N/A       99%         5
 Summon Mana Viper        Hex/Summ       1%         N/A       99%         5
 Invisibility             Hex            0%         N/A       100%        6
 Iron Shot                Conj/Erth      0%         9d1       100%        6
 Shadow Creatures         Summ           N/A        N/A       100%        6
 Simulacrum               Ice/Necr       2%         N/A       100%        6
 Dragon Form              Tmut           16%        N/A       80%         7
 Storm Form               Tmut/Air       8%         N/A       100%        7
 Maxwell's Capacitive Co  Air            0%         ∞         100%        8
 Dragon's Call            Summ           0%         N/A       100%        9
 Polar Vortex             Ice            4%         N/A       100%        9


Dungeon Overview and Level Annotations

Branches:
Dungeon (13/15)            Temple (1/1) D:7            Lair (5/6) D:10
 Shoals (0/4) Lair:3        Snake (0/4) Lair:4          Orc (0/2) D:11
 Vaults (0/5) D:13        Ossuary (visited)
  Slime: Lair:5-6

Altars:
Ashenzari
Cheibriados
Dithmenos
Elyvilon
Fedhas
Gozag
Hepliaklqana
Kikubaaqudgha
Makhleb
Nemelex Xobeh
Qazlal
Ru
Sif Muna
Trog
Vehumet
Wu Jian
Xom
Yredelemnul
Zin
The Shining One

Shops:
D:5 *?   D:6 (

Annotations:
D:3 5 runed translucent doors, hemabe71's ghost, amateur HuAr
D:10 4 runed translucent doors


Innate Abilities, Weirdness & Mutations

You are a creature of crystalline ice.
You have a powerful freezing melee attack.
You are amphibious.
Your maximum health is increased.
Your armour is entirely melded.
You are incapable of wielding weapons or throwing items.
You are too large for most types of armour.
((You have claws for hands.))
Your natural rate of healing is unusually fast.
((You are covered in fur. (AC +1)))
((You have tough skin. (AC +1)))


Message History

Casting: Wereblood (safe; 9% risk of failure)
Confirm with . or Enter, or press ? or * to list all spells.
Your claws revert to their normal proportions.
You turn into a creature of crystalline ice.
Your +2 cloak melds into your body.
The +2 robe of Itasoyrgh {Int+4 SInv Stlth+} melds into your body.
The wyvern bites you! x2
You punch the six-headed hydra! You freeze the six-headed hydra.
The six-headed hydra is lightly wounded.
You howl as the wereblood boils in your veins!
The wyvern bites you. The six-headed hydra bites you!
The six-headed hydra bites you but does no damage.
The six-headed hydra bites you. The six-headed hydra bites you!
The six-headed hydra bites you but does no damage.
The six-headed hydra bites you!
You pummel the six-headed hydra!! You freeze the six-headed hydra.
The six-headed hydra is heavily wounded.
The wyvern bites you.
You punch the six-headed hydra! You freeze the six-headed hydra.
The six-headed hydra is severely wounded.
The wyvern barely misses you.
The six-headed hydra bites you but does no damage. x2
The six-headed hydra completely misses you.
The six-headed hydra bites you! The six-headed hydra barely misses you.
The six-headed hydra bites you!
You punch the six-headed hydra!
The six-headed hydra seems to slow down.
You freeze the six-headed hydra.
The six-headed hydra is almost dead.
The wyvern bites you!
* * * LOW HITPOINT WARNING * * *
The six-headed hydra closely misses you.
The six-headed hydra bites you.
* * * LOW HITPOINT WARNING * * *
The six-headed hydra barely misses you. The six-headed hydra bites you!
* * * LOW HITPOINT WARNING * * *
The six-headed hydra bites you.
* * * LOW HITPOINT WARNING * * *
The six-headed hydra bites you!
You die...

####P.#.. ..#..
#..#....##......
#........#..#...
###...............
#.#......P........
##......#...P.....
###.......#..P..... #
###.......#..........
#.#.###.##Yl...............
........lD................
..#..†......##...........
###†##....#............
#.###.......###....... #..
##.....P.......... $...
##.#..P.......... .....
##...P....#..... .......
#P..###...#.....


You could see a six-headed hydra (slow), a komodo dragon and a wyvern.

Vanquished Creatures
  Azrael (D:12)
  Harold (Lair:1)
  A boulder beetle (D:11)
  6 hydras
  Urug (Lair:2)
  A two-headed ogre (D:11)
  A wizard (D:10)
  A lindwurm (Lair:4)
  2 cyclopes
  A manticore (D:12)
  6 elephants (Lair:5)
  Joseph (D:8)
  4 black mambas
  An unseen horror (D:11)
  Maggie (D:7)
  12 cane toads
  A gargoyle (D:12)
  A kobold demonologist (D:10)
  8 komodo dragons
  2 rime drakes
  The ghost of morra the Changer, a novice OpTm of Uskayaw (D:5)
  4 trolls
  A polar bear (Lair:3)
  A jumping spider (shapeshifter) (D:12)
  12 blink frogs
  Sigmund (D:6)
  A wraith (D:8)
  2 wyverns
  A shadow (D:10)
  Eustachio (D:6)
  43 yaks
  4 fire elementals (D:12)
  9 vampire mosquitoes
  Menkaure (D:6)
  5 steam dragons
  2 basilisks
  4 nagas (Lair:4)
  10 water moccasins
  An acid dragon (D:10)
  3 hell hounds
  2 sky beasts
  3 black bears
  4 orc warriors
  An ice beast (D:4)
  5 necrophages
  2 ogres (D:6)
  7 wolves
  4 boggarts (D:10)
  2 phantoms
  5 centaurs
  4 kobold brigands
  14 bullfrogs
  Blork the orc (D:6)
  A gnoll sergeant (D:10)
  7 scorpions (Ossuary)
  10 killer bees
  5 wights (D:6)
  A howler monkey (D:9)
  An electric eel (D:10)
  A bullfrog zombie (D:5)
  3 centaur zombies
  5 human zombies (Ossuary)
  A jelly (D:6)
  6 hounds
  6 orc priests
  A gnoll shaman (D:7)
  Crazy Yiuf (D:6)
  3 bullfrog skeletons
  2 centaur skeletons
  4 iguanas
  Jessica (D:3)
  5 orc wizards
  3 scorpion zombies (Ossuary)
  6 hell rats (Lair:2)
  4 killer bee zombies
  2 hound zombies (D:5)
  3 mummies (Ossuary)
  A howler monkey zombie (D:7)
  4 adders
  21 gnolls
  2 white imps (D:6)
  2 ufetubi
  A worm (D:2)
  28 orcs
  10 ball pythons
  2 bats
  6 endoplasms
  4 giant cockroaches
  10 hobgoblins
  7 jackals
  18 kobolds
  8 quokkas
  3 frilled lizards
  2 gnoll zombies (Ossuary)
  6 goblins
  3 goblin zombies (Ossuary)
  A hobgoblin zombie (Ossuary)
  A kobold zombie (Ossuary)
  2 orc zombies (Ossuary)
  A rat (D:1)
  A bush (D:7)
440 creatures vanquished.

Vanquished Creatures (others)
  A scorpion (Ossuary)
  An orc zombie (Ossuary)
  8 fungi
  24 plants
34 creatures vanquished.

Grand Total: 474 creatures vanquished

Notes
Turn   | Place    | Note
-------+----------+-------------------------------------------
     0 | D:1      | 2tc the Troll Transmuter began the quest for the Orb.
     0 | D:1      | Reached XP level 1. HP: 18/18 MP: 1/1
    67 | D:1      | Reached XP level 2. HP: 20/26 MP: 0/2
   226 | D:1      | Reached skill level 4 in Unarmed Combat
   416 | D:1      | Reached XP level 3. HP: 32/32 MP: 3/3
   665 | D:2      | Learned a level 2 spell: Wereblood
   833 | D:2      | Found a faded altar of an unknown god.
   841 | D:2      | Became a worshipper of Zin the Law-Giver
   841 | D:2      | Reached * piety under Zin
   890 | D:2      | Reached ** piety under Zin
   891 | D:2      | Fell from the grace of Zin
  1233 | D:3      | Found a runed translucent gate.
  1233 | D:3      | Found a runed translucent gate.
  1233 | D:3      | Found a runed translucent gate.
  1233 | D:3      | Found an opulent altar of Gozag.
  1234 | D:3      | Noticed hemabe71's ghost (amateur HuAr)
  1234 | D:3      | Noticed a phantom
  1270 | D:3      | Found a stormy altar of Qazlal.
  1272 | D:3      | Noticed an air elemental
  1273 | D:3      | Noticed a fire elemental
  1273 | D:3      | Noticed an earth elemental
  1273 | D:3      | Noticed a water elemental
  1305 | D:3      | Noticed a sky beast
  1314 | D:3      | Killed a sky beast
  1315 | D:3      | Reached skill level 5 in Unarmed Combat
  1315 | D:3      | Reached XP level 4. HP: 40/40 MP: 2/4
  1315 | D:3      | Reached XP level 5. HP: 46/46 MP: 2/5
  1401 | D:3      | Reached skill level 6 in Unarmed Combat
  1427 | D:3      | Found a large runed translucent door.
  1428 | D:3      | Found a large runed translucent door.
  1466 | D:3      | Noticed Jessica
  1471 | D:3      | Killed Jessica
  1836 | D:4      | Noticed a phantom
  1845 | D:4      | Killed a phantom
  1846 | D:4      | Reached XP level 6. HP: 45/54 MP: 4/6
  1919 | D:4      | Reached skill level 7 in Unarmed Combat
  1946 | D:4      | Noticed a water moccasin
  1957 | D:4      | Killed a water moccasin
  2077 | D:4      | Found a sand-covered staircase.
  2086 | Ossuary  | Entered an ossuary
  2126 | Ossuary  | Reached skill level 8 in Unarmed Combat
  2126 | Ossuary  | Reached XP level 7. HP: 48/61 MP: 5/7
  2179 | Ossuary  | Reached skill level 1 in Fighting
  2294 | Ossuary  | Found the macabre finger necklace {rN+}
  2320 | Ossuary  | Reached XP level 8. HP: 60/70 MP: 6/8
  2374 | Ossuary  | Reached skill level 5 in Transmutations
  2922 | D:5      | Entered Level 5 of the Dungeon
  3128 | D:5      | Found a sacrificial altar of Ru.
  3261 | D:5      | Found Ecyasm's Magic Scroll Shop.
  3288 | D:5      | Reached skill level 9 in Unarmed Combat
  3293 | D:5      | Found a runed translucent gate.
  3293 | D:5      | Found a runed translucent gate.
  3293 | D:5      | Found a runed translucent gate.
  3299 | D:5      | Noticed morra's ghost (novice OpTm)
  3438 | D:5      | Noticed a troll
  3448 | D:5      | Killed a troll
  3449 | D:5      | Reached skill level 10 in Unarmed Combat
  3570 | D:5      | Reached XP level 9. HP: 73/76 MP: 7/9
  3616 | D:5      | Found Tostar's Neck Hole.
  3722 | D:5      | Found a white marble altar of Elyvilon.
  3870 | D:5      | Bought 2 scrolls of identify for 52 gold pieces
  4080 | D:5      | Killed morra's ghost
  4152 | D:6      | Noticed Eustachio
  4160 | D:6      | Killed Eustachio
  4161 | D:6      | Reached skill level 11 in Unarmed Combat
  4194 | D:6      | Identified the ring of Finality {rPois Will+}
  4213 | D:6      | Found a shimmering blue altar of Sif Muna.
  4541 | D:6      | Noticed Sigmund
  4548 | D:6      | Noticed Menkaure
  4549 | D:6      | Noticed Blork the orc
  4555 | D:6      | Killed Sigmund
  4560 | D:6      | Killed Menkaure
  4562 | D:6      | Killed Blork the orc
  4651 | D:6      | Reached skill level 12 in Unarmed Combat
  4747 | D:6      | Reached XP level 10. HP: 76/85 MP: 7/10
  4857 | D:6      | Found Roegir's Antique Weapon Shop.
  5061 | D:6      | Found a runed translucent door.
  5062 | D:6      | Noticed Crazy Yiuf
  5067 | D:6      | Killed Crazy Yiuf
  5313 | D:7      | Noticed Maggie
  5329 | D:7      | Killed Maggie
  5398 | D:7      | Found a staircase to the Ecumenical Temple.
  5417 | Temple   | Entered the Ecumenical Temple
  5665 | D:7      | HP: 4/85 [killer bee (4)]
  6022 | D:7      | Found a blossoming altar of Fedhas.
  6137 | D:7      | Learned a level 4 spell: Ice Form
  6219 | D:7      | Reached skill level 1 in Ice Magic
  6342 | D:8      | Noticed Joseph
  6360 | D:8      | Killed Joseph
  6452 | D:8      | You fall into a shaft and drop 1 floor!
  6510 | D:9      | Noticed a cyclops
  6538 | D:9      | Killed a cyclops
  6707 | D:9      | Reached XP level 11. HP: 86/94 MP: 8/11
  6896 | D:8      | Identified the +2 robe of Itasoyrgh {Int+4 SInv Stlth+}
  7648 | D:10     | Entered Level 10 of the Dungeon
  7741 | D:10     | Reached skill level 1 in Throwing
  7807 | D:10     | Found a staircase to the Lair.
  7921 | Lair:1   | Entered Level 1 of the Lair of Beasts
  7975 | Lair:1   | Noticed Harold
  7986 | Lair:1   | Killed Harold
  8005 | Lair:1   | Reached skill level 5 in Throwing
  8813 | Lair:2   | Reached skill level 13 in Unarmed Combat
  9059 | Lair:2   | Reached XP level 12. HP: 105/105 MP: 13/15
  9187 | Lair:2   | Noticed a four-headed hydra
  9196 | Lair:2   | Killed a four-headed hydra
  9270 | Lair:2   | Noticed an eight-headed hydra
  9271 | Lair:2   | Noticed a six-headed hydra
  9289 | Lair:2   | Killed an eight-headed hydra
  9293 | Lair:2   | Killed a six-headed hydra
  9294 | Lair:2   | Reached skill level 14 in Unarmed Combat
  9342 | Lair:2   | Identified the +8 hunting sling of Tedun {flame, Will+}
  9487 | Lair:2   | Noticed Urug
  9503 | Lair:2   | Killed Urug
 10119 | D:10     | Found a large runed translucent door.
 10119 | D:10     | Found a large runed translucent door.
 10174 | D:10     | Noticed a seven-headed hydra
 10180 | D:10     | Found a large runed translucent door.
 10180 | D:10     | Found a large runed translucent door.
 10314 | D:10     | Reached skill level 15 in Unarmed Combat
 10467 | D:11     | Noticed a two-headed ogre
 10473 | D:11     | Killed a two-headed ogre
 10594 | D:11     | Noticed a boulder beetle
 10660 | D:11     | Killed a boulder beetle
 11135 | D:11     | Found a staircase to the Orcish Mines.
 11383 | D:12     | Noticed a five-headed hydra
 11393 | D:12     | Killed a five-headed hydra
 11604 | D:12     | Noticed Azrael
 11899 | D:12     | Killed Azrael
 11900 | D:12     | Reached skill level 10 in Transmutations
 11900 | D:12     | Reached XP level 13. HP: 15/111 MP: 14/16
 12039 | D:13     | Got the Disquisition on Creative Confrontation
 12042 | D:13     | Found a gate to the Vaults.
 12175 | Temple   | Became a worshipper of the Wu Jian Council
 12658 | Lair:3   | Found a staircase to the Shoals.
 12946 | Lair:3   | Reached * piety under Wu Jian
 13520 | Lair:4   | Found a staircase to the Snake Pit.
 13832 | Lair:4   | Reached ** piety under Wu Jian
 14779 | Lair:5   | Reached skill level 1 in Armour
 14853 | Lair:5   | Learned a level 5 spell: Blade Hands
 14899 | Lair:5   | Slain by a six-headed hydra

Illustrated notes

Levels and vault maps discovered:
D:1:      minmay_arrival_stone_box, layout_basic,
          hangedman_abyss_or_decor_lesser_grid, hangedman_decor_points,
          minivault_14
D:2:      layout_basic, hellmonk_ecumenical_altar_run_dry, st_stairs_8,
          chequers_garden, minmay_misc_feat_diagonals
D:3:      layout_rooms, nicolae_qazlal_style_of_elements, jmf_multi_god_temple2,
          ebering_ghost_gozag, minmay_misc_feat_alley, kennysheep_jessica_study
D:4:      layout_basic, enter_ossuary_3, grunt_ministairs_5
D:5:      layout_basic, kennysheep_mini, nicolae_ru_path_of_blood,
          gammafunk_ghost_necromancy, nicolae_inconvenience_store,
          nicolae_shop_sticking_my_neck_out
D:6:      minmay_chambers_of_threes, layout_basic,
          nicolae_sif_muna_condensation, serial_shops, kennysheep_mini_moat,
          uniq_sigmund, uniq_crazy_yiuf_cottage, uniq_eustachio,
          uniq_blork_the_orc, uniq_menkaure
D:7:      layout_basic, fedhas_altar_decomposition,
          minmay_temple_entry_mini_moons, uniq_maggie
D:8:      layout_basic, uniq_joseph
D:9:      layout_basic
D:10:     layout_roguey, erik_lair_island, nicolae_zen_rock_garden,
          minmay_hollow_rounded_squares, uniq_snorg
D:11:     layout_gridville, orc_0_dummy
D:12:     layout_rooms, uniq_azrael
D:13:     layout_loops_ring, lightli_vaults_fourway_checkpoint
Temple:   regret_index_temple_waves
Lair:1:   layout_loops_ring, uniq_harold
Lair:2:   layout_cave_pods, uniq_urug
Lair:3:   layout_cellular_growth, elwin_shoals_entry_rocks, grunt_megastairs_1
Lair:4:   layout_roguey, minmay_snake_entry_guardpost_small
Lair:5:   beast_lair_carwin_large_2, layout_cave_pods

Skill      XL: |  1  2  3  4  5  6  7  8  9 10 11 12 13 |
---------------+----------------------------------------+-----
Unarmed Combat | 4 5 6 8 10 12 13 15 | 15.0
Transmutations | 2 4 5 6 8 10 12 | 12.0
Fighting       | 1 2 3 |  3.0
Ice Magic      | 3 |  3.0
Dodging        | 4 |  4.0
Spellcasting   | 3 |  3.0
Throwing       | 5 |  5.4
Armour         | 3 |  3.4

Action                   |  1- 3 |  4- 6 |  7- 9 | 10-12 | 13-15 || total
-------------------------+-------+-------+-------+-------+-------++-------
Melee: Unarmed           |   127 |    58 |   254 |   614 |   270 ||  1323
       Punch             |     1 |     1 |     9 |    34 |     7 ||    52
       Headbutt          |     1 |     5 |    17 |    67 |     3 ||    93
       Kick              |     1 |     7 |    44 |    92 |     6 ||   150
Throw: Stone             |       |       |    10 |       |       ||    10
       Boomerang         |       |       |       |    11 |       ||    11
       Large rock        |       |       |       |     2 |       ||     2
       Javelin           |       |       |       |     1 |       ||     1
 Cast: Beastly Appendage |     3 |     8 |    19 |    36 |     1 ||    67
       Wereblood         |       |       |     9 |    23 |     9 ||    41
       Ice Form          |       |       |       |     4 |    21 ||    25
       Blade Hands       |       |       |       |       |     1 ||     1
Invok: Renounce Religion |     1 |       |       |       |       ||     1
       Whirlwind         |       |       |       |       |    13 ||    13
       Lunge             |       |       |       |       |     7 ||     7
 Abil: End Transformatio |       |       |       |       |     1 ||     1
Evoke: Wand              |       |       |     8 |    18 |     1 ||    27
  Use: Scroll            |     5 |     3 |     9 |     9 |     3 ||    29
       Potion            |       |       |     3 |    14 |       ||    17
 Stab: Sleeping          |     1 |     1 |       |     6 |     1 ||     9
       Invisible         |       |       |     1 |       |       ||     1
       Distracted        |       |       |       |     1 |     2 ||     3
Armor: Robe              |    40 |    17 |    81 |   220 |    28 ||   386
       Skin              |       |       |       |     9 |    55 ||    64
Dodge: Dodged            |    51 |    22 |   131 |   332 |   114 ||   650

Table legend: (Time is in decaauts)
 A = Elapsed time spent in this place.
 B = Non-inter-level travel time spent in this place.
 C = Inter-level travel time spent in this place.
 D = Time resting spent in this place.
 E = Time spent auto-exploring this place.
 F = Levels seen in this place.
 G = Mean time per level.
                   A        B        C        D        E       F      G
               +--------+--------+--------+--------+--------+-----+--------+
         Total |  14654 |  13858 |    796 |    235 |  10656 |  20 |  732.7 |
       Dungeon |   9751 |   9178 |    573 |    138 |   7029 |  13 |  750.1 |
        Temple |    175 |    115 |     60 |      0 |    109 |   1 |  175.0 |
          Lair |   4342 |   4179 |    163 |     97 |   3344 |   5 |  868.4 |
       Ossuary |    386 |    386 |      0 |      0 |    174 |   1 |  386.0 |
               +--------+--------+--------+--------+--------+-----+--------+

Top non-repeatable levels by time:
     D:5: 1201 daAuts
  Lair:3: 1077 daAuts
     D:7: 1019 daAuts
  Lair:2: 1014 daAuts
     D:6: 989 daAuts
    D:11: 973 daAuts
    D:10: 921 daAuts
  Lair:1: 881 daAuts
  Lair:4: 869 daAuts
     D:9: 836 daAuts
     D:4: 689 daAuts
     D:1: 650 daAuts
    D:12: 637 daAuts
     D:8: 629 daAuts
     D:3: 596 daAuts
